 Dungeon Crawl Stone Soup version 0.27-a0-1081-ge8a0a9c698 (webtiles) character file.

Game seed: 1052722375361254475

47 tardwrangler69 the Poker (level 3, -4/28 HPs)
             Began as a Merfolk Gladiator on Apr 25, 2021.
             Slain by Natasha (8 damage)
             ... on level 2 of the Dungeon.
             The game lasted 00:00:54 (1295 turns).

tardwrangler69 the Poker (Merfolk Gladiator)        Turns: 1295, Time: 00:00:54

Health: -4/28      AC:  4    Str: 15    XL:     3   Next: 70%
Magic:  3/3        EV: 13    Int:  7    God:
Gold:   34         SH:  0    Dex: 15    Spells: 2/2 levels left

rFire    . . .     SeeInvis .   a - +0 trident
rCold    . . .     Faith    .   (no shield)
rNeg     . . .     Spirit   .   b - +0 leather armour
rPois    .         Reflect  .   c - +0 helmet
rElec    .         Harm     .   (no cloak)
rCorr    .         Rampage  .   (no gloves)
Will     .....                  (no boots)
Stlth    +.........             (no amulet)
HPRegen  0.09/turn              (no ring)
MPRegen  0.08/turn              (no ring)

@: no status effects
A: (nimble swimmer 2), mertail
a: no special abilities


You were on level 2 of the Dungeon.
You visited 1 branch of the dungeon, and saw 2 of its levels.

You collected 34 gold pieces.

Inventory:

Hand Weapons
 a - a +0 trident (weapon)
Missiles
 d - 3 throwing nets (quivered)
Armour
 b - a +0 leather armour (worn)
 c - a +0 helmet (worn)
Scrolls
 g - a scroll of blinking {unknown}
 i - a scroll of amnesia {unknown}
Potions
 e - a potion of flight {unknown}
 f - a potion of resistance {unknown}
 h - a potion of degeneration {unknown}


   Skills:
 + Level 2.8 Fighting
 * Level 5.6 Polearms
 - Level 2.0 Throwing
 + Level 4.6 Dodging


You had 2 spell levels left.
You didn't know any spells.
Your spell library was empty.

Dungeon Overview and Level Annotations

Branches:
Dungeon (2/15)

Altars:

Annotations:
D:2 Natasha


Innate Abilities, Weirdness & Mutations

((You are quick and stealthy near water. (Stealth+, EV+, Speed+++)))
Your lower body shifts to a powerful aquatic tail in water.


Message History

You kill the adder!
You feel sick.
You feel sick.
You are no longer poisoned.
Key pressed, stopping explore.
HP restored.
A goblin and Natasha come into view.
The goblin shouts!
Natasha hisses angrily.
There are monsters nearby!
You reach to attack!
You puncture Natasha!
Natasha is severely wounded.
Natasha barely misses you.
You completely miss Natasha.
Natasha is severely wounded.
The goblin misses you.
Natasha casts a spell.
You hit Natasha.
Natasha is severely wounded.
The goblin hits you with a +0 club. Natasha completely misses you.
You closely miss Natasha.
Natasha is severely wounded.
The goblin misses you. Natasha barely misses you.
You closely miss Natasha.
Natasha is severely wounded.
The goblin barely misses you. Natasha claws you!
You barely miss Natasha.
Natasha is severely wounded.
The goblin hits you with a +0 club. Natasha claws you.
* * * LOW HITPOINT WARNING * * *
The shadow imp grins evilly.
You miss Natasha.
Natasha is severely wounded.
The goblin misses you. Natasha casts a spell at you. The magic dart hits you.
* * * LOW HITPOINT WARNING * * *
You hit Natasha.
Natasha is almost dead.
The goblin misses you. Natasha claws you!
You die...

#.......#
#####.#
..##.......#
#.#
..#.......#
#..
#..#.....##
###
##.##...###
# #..##....#
# #.5#.##..#
# #h#.# #..#
# #.@.# #...
###g# ..##
#... .#
#..#.. .
...# ..#
#..# .# ..##
# ...


You could see Natasha, a shadow imp (summoned) and a goblin.

Vanquished Creatures
  An adder (D:2)
  A gnoll (D:1)
  2 ball pythons (D:1)
  2 bats (D:1)
  3 giant cockroaches (D:1)
  4 hobgoblins (D:1)
  3 jackals (D:1)
  2 quokkas (D:1)
  4 goblins (D:1)
  5 rats (D:1)
27 creatures vanquished.

Notes
Turn   | Place    | Note
-------+----------+-------------------------------------------
     0 | D:1      | tardwrangler69 the Merfolk Gladiator began the quest for
                  | the Orb.
     0 | D:1      | Reached XP level 1. HP: 16/16 MP: 1/1
   161 | D:1      | Reached XP level 2. HP: 23/23 MP: 2/2
   248 | D:1      | Reached skill level 5 in Polearms
   437 | D:1      | Reached XP level 3. HP: 22/28 MP: 3/3
  1287 | D:2      | Noticed Natasha
  1295 | D:2      | Slain by Natasha

Illustrated notes

Levels and vault maps discovered:
D:1:      wander_arrival_desolate, layout_loops_ring
D:2:      layout_rooms, hellmonk_ecumenical_altar_blasted, serial_park_tiny_2,
          minmay_misc_feat_four_crosses, uniq_robin, uniq_jessica, uniq_natasha

Skill      XL: |  1  2 |
---------------+-------+-----
Polearms       | 5 |  5.6
Fighting       | |  2.8
Throwing       | |  2.0
Dodging        | |  4.6

Action                   || total
-------------------------++-------
Melee: Trident           ||    91
 Stab: Sleeping          ||     6
       Distracted        ||     1
Armor: Leather armour    ||    17
Dodge: Dodged            ||    53

Table legend: (Time is in decaauts)
 A = Elapsed time spent in this place.
 B = Non-inter-level travel time spent in this place.
 C = Inter-level travel time spent in this place.
 D = Time resting spent in this place.
 E = Time spent auto-exploring this place.
 F = Levels seen in this place.
 G = Mean time per level.
                   A        B        C        D        E       F      G
               +--------+--------+--------+--------+--------+-----+--------+
         Total |   1298 |   1269 |     29 |      0 |   1110 |   2 |  649.0 |
       Dungeon |   1298 |   1269 |     29 |      0 |   1110 |   2 |  649.0 |
               +--------+--------+--------+--------+--------+-----+--------+

Top non-repeatable levels by time:
     D:1: 991 daAuts
     D:2: 307 daAuts
